 Dungeon Crawl Stone Soup version 0.26-a0-1033-gd598b01645 (webtiles) character file.

Game seed: 15691353358878257485

23 Morbidden the Skirmisher (level 2, -1/24 HPs)
             Began as a Demonspawn Fighter on Dec 10, 2020.
             Slain by a hobgoblin
             ... wielding a +0 club
              (3 damage)
             ... on level 2 of the Dungeon.
             The game lasted 00:00:59 (966 turns).

Morbidden the Skirmisher (Demonspawn Fighter)        Turns: 966, Time: 00:00:59

Health: -1/24      AC:  8    Str: 16    XL:     2   Next: 75%
Magic:  2/2        EV:  6    Int:  9    God:
Gold:   95         SH:  8    Dex: 12    Spells: 1/1 levels left

rFire    + . .     SeeInvis .   a - +0 long sword
rCold    + . .     Faith    .   c - +0 kite shield
rNeg     . . .     Spirit   .   b - +0 scale mail
rPois    .         Reflect  .   (no helmet)
rElec    .         Harm     .   j - scarf {rC+ rF+}
rCorr    .         Rampage  .   (no gloves)
Will     .....                  (no boots)
Stlth    ..........             (no amulet)
HPRegen  0.08/turn              (no ring)
MPRegen  0.08/turn              (no ring)

@: no status effects
A: yellow scales 1
a: no special abilities


You were on level 2 of the Dungeon.
You visited 1 branch of the dungeon, and saw 2 of its levels.

You collected 95 gold pieces.

Inventory:

Hand Weapons
 a - a +0 long sword (weapon)
Missiles
 m - 10 poisoned darts (quivered)
Armour
 b - a +0 scale mail (worn)
 c - a +0 kite shield (worn)
 j - a scarf of resistance (worn)
Scrolls
 e - a scroll of immolation {unknown}
 g - a scroll of remove curse {unknown}
 h - 2 scrolls of identify {unknown}
 i - a scroll of enchant weapon {unknown}
 l - a scroll of magic mapping {unknown}
Potions
 d - a potion of might
 f - a potion of flight {unknown}
 k - a potion of haste {unknown}


   Skills:
 * Level 3.2 Fighting
 * Level 2.2 Long Blades
 + Level 3.1 Armour
 + Level 2.8 Shields


You had one spell level left.
You didn't know any spells.
Your spell library was empty.

Dungeon Overview and Level Annotations

Branches:
Dungeon (2/15)

Altars:
Trog


Innate Abilities, Weirdness & Mutations

You are partially covered in yellow scales. (AC +2)


Message History

Unknown command.
You slash the jackal!
You kill the jackal!
The adder bites you but does no damage.
The jackal bites you but does no damage.
You block the adder's attack. The jackal bites you.
* * * LOW HITPOINT WARNING * * *
You closely miss the hobgoblin. The adder bites you but does no damage.
The jackal bites you but does no damage.
You block the hobgoblin's attack. You block the adder's attack.
The jackal closely misses you.
You riposte.
You barely miss the jackal. The hobgoblin hits you with a +0 club.
* * * LOW HITPOINT WARNING * * *
You hit the hobgoblin.
The hobgoblin is almost dead.
The adder barely misses you.
You riposte.
Your shield prevents you from hitting the adder.
The jackal bites you but does no damage.
You block the adder's attack. The hobgoblin hits you with a +0 club.
You die...

...# ##..#
.##..## ##...#
.......##....##
.._..#..>.....#
........†..##.#
....###...<.# #
.# #hhg#.###
#S##..# #@##.##
#.gh##.#
##.g....
......h
.........
#........
..........
#>#.........


You could see an adder, 3 jackals and 2 hobgoblins.

Vanquished Creatures
  2 dart slugs (D:1)
  2 bats (D:1)
  2 giant cockroaches (D:1)
  A goblin (D:1)
  A hobgoblin (D:1)
  5 jackals (D:2)
  A frilled lizard (D:1)
  2 kobolds (D:1)
  A rat (D:1)
17 creatures vanquished.

Notes
Turn   | Place    | Note
-------+----------+-------------------------------------------
     0 | D:1      | Morbidden the Demonspawn Fighter began the quest for the
                  | Orb.
     0 | D:1      | Reached XP level 1. HP: 18/18 MP: 1/1
   254 | D:1      | Gained mutation: You are partially covered in yellow
                  | scales. (AC +2) [demonic ancestry]
   254 | D:1      | Reached XP level 2. HP: 14/24 MP: 2/2
   935 | D:2      | Found a bloodstained altar of Trog.
   966 | D:2      | Slain by a hobgoblin

Illustrated notes

Levels and vault maps discovered:
D:1:      dpeg_arrival_castle, layout_basic, minmay_misc_feat_pillars
D:2:      layout_rooms, bloody_trog, chequers_serial_rivers_micro_d,
          minmay_splitting_lines, makhleb_heckhound_becter

Skill      XL: |  1  2 |
---------------+-------+-----
Long Blades    | 2 |  2.2
Armour         | 3 |  3.1
Fighting       | |  3.2
Shields        | |  2.8

Action                   || total
-------------------------++-------
Melee: Long sword        ||    61
Armor: Scale mail        ||    63
Dodge: Dodged            ||    29
Block: Kite shield       ||    51
       Rpst.: Long sword ||    10

Table legend: (Time is in decaauts)
 A = Elapsed time spent in this place.
 B = Non-inter-level travel time spent in this place.
 C = Inter-level travel time spent in this place.
 D = Time resting spent in this place.
 E = Time spent auto-exploring this place.
 F = Levels seen in this place.
 G = Mean time per level.
                   A        B        C        D        E       F      G
               +--------+--------+--------+--------+--------+-----+--------+
         Total |    993 |    979 |     14 |      0 |    798 |   2 |  496.5 |
       Dungeon |    993 |    979 |     14 |      0 |    798 |   2 |  496.5 |
               +--------+--------+--------+--------+--------+-----+--------+

Top non-repeatable levels by time:
     D:1: 954 daAuts
     D:2: 38 daAuts
